 Dungeon Crawl Stone Soup version 0.19-a0-1091-g463c9de (webtiles) character file.

60 toucherabbit the Conjurer (level 3, 0/26 HPs)
             Began as a Draconian Conjurer on Aug 7, 2016.
             Slain by an orc wizard
             ... wielding a +0 dagger
              (3 damage)
             ... on level 3 of the Dungeon.
             The game lasted 00:16:08 (2150 turns).

toucherabbit the Conjurer (Draconian Conjurer)      Turns: 2150, Time: 00:16:09

Health: 0/26       AC:  5    Str: 10    XL:     3   Next: 82%
Magic:  6/6        EV: 12    Int: 16    God:
Gold:   31         SH:  0    Dex: 11    Spells: 2 memorised, 3 levels left

rFire  . . .     SeeInvis .     d - +0 hand axe
rCold  . . .     Gourm    .     (armour unavailable)
rNeg   . . .     Faith    .     (no shield)
rPois  .         Spirit   .     (helmet restricted)
rElec  .         Dismiss  .     (no cloak)
rCorr  .         Reflect  .     (no gloves)
SustAt .         Harm     .     (no boots)
MR     .....                    m - amulet of regeneration
Stlth  ++........               (no ring)
                                g - ring of flight

@:
A: unfitting armour, cold-blooded, AC +5
a: Evoke Flight


You were on level 3 of the Dungeon.
You were not hungry.

You visited 1 branch of the dungeon, and saw 3 of its levels.

You collected 31 gold pieces.

Inventory:

Hand Weapons
 d - a +0 hand axe (weapon)
 o - a +0 short sword
Missiles
 c - 11 poisoned needles (quivered)
 f - 16 bolts
 h - 33 arrows
 t - 12 sling bullets
Armour
 i - a +0 ring mail
 l - a cursed +0 robe
Jewellery
 g - a ring of flight (left hand)
 m - an amulet of regeneration (around neck)
Scrolls
 k - a scroll of fog {unknown}
 n - a scroll of recharging {unknown}
 r - a scroll of enchant weapon {unknown}
Potions
 e - a potion of degeneration {unknown}
 j - a potion of resistance {unknown}
 s - a potion of curing {unknown}
 u - a potion of haste {unknown}
Books
 a - a book of Conjurations

   Spells                             Type                      Level
   a - Magic Dart                     Conjuration                  1
   b - Searing Ray                    Conjuration                  2
   c - Dazzling Spray                 Conjuration/Hexes            3
   d - Fulminant Prism                Conjuration/Hexes            4
   e - Iskenderun's Mystic Blast      Conjuration                  4
   f - Iskenderun's Battlesphere      Conjuration/Charms           5
Comestibles
 q - a royal jelly


   Skills:
 + Level 0.2 Fighting
 + Level 0.4 Short Blades
 + Level 0.6 Axes
 + Level 2.4 Dodging
 + Level 2.1 Stealth
 + Level 2.1 Spellcasting
 + Level 4.6 Conjurations


You had 3 spell levels left.
You knew the following spells:

 Your Spells              Type           Power        Failure   Level  Hunger
a - Magic Dart            Conj           ###.         3%          1    #......
b - Searing Ray           Conj           ###...       6%          2    ###....


Dungeon Overview and Level Annotations

Branches:
Dungeon (3/15)

Altars:
Qazlal
Trog


Innate Abilities, Weirdness & Mutations

Your plain brown scales are hard. (AC +5)
Your body does not fit into most forms of armour.
You are cold-blooded and may be slowed by cold attacks.


Message History

You start eating the slice of pizza.
The orc closely misses you.
The orc wizard mumbles some strange words.
The orc wizard seems to speed up.
The orc barely misses you.
Mmm...
Super Supreme.
There are monsters nearby!
You hit the orc.
The orc is severely wounded.
You hit the orc. You closely miss the orc.
The orc wizard points at you and mumbles some strange words.
The magic dart hits you!
* * * LOW HITPOINT WARNING * * *
The orc closely misses you. The orc completely misses you.
The orc barely misses you. The orc hits you with a club.
* * * LOW HITPOINT WARNING * * *
The orc closely misses you.
You barely miss the orc.
The orc is heavily wounded.
You barely miss the orc. You completely miss the orc.
The orc barely misses you. x2; The orc wizard hits you with a dagger.
You die...

######
#..######..###..#
##........# #..#
######.#.# #..#
#############.# #...
#.............# #.##
#.....###.###....<##.
#....># #.# ####.....
#....o###.## ##..
###...oo@o...#
##.....oo###......#
#......o.# ##..##..
#.........# #...
#.........# #....
#.........# .##.
#.........$ ##
#...........
#.........#..


You could see an orc wizard and 6 orcs.

Vanquished Creatures
  2 adders (D:2)
  3 worms (D:2)
  A dart slug (D:2)
  4 bats
  A giant cockroach (D:1)
  2 goblins
  A hobgoblin (D:3)
  8 jackals
  2 ball pythons (D:1)
  3 giant newts (D:1)
  5 rats
32 creatures vanquished.

Notes
Turn   | Place    | Note
-------+----------+-------------------------------------------
     0 | D:1      | toucherabbit the Draconian Conjurer began the quest for the Orb.
     0 | D:1      | Reached XP level 1. HP: 14/14 MP: 3/3
   522 | D:1      | Reached XP level 2. HP: 20/20 MP: 5/5
  1080 | D:2      | Found a bloodstained altar of Trog.
  1160 | D:2      | Reached XP level 3. HP: 12/26 MP: 6/6
  1659 | D:2      | Found a stormy altar of Qazlal.
  1714 | D:2      | Learned a level 2 spell: Searing Ray
  2150 | D:3      | Slain by an orc wizard

Vault maps used:
D:1:      lightli_arrival_statue_moat
D:2:      grunt_qazlal_clouds, overflow_temple_1_default
D:3:      first_bread

Skill      XL: |  1  2  3 |
---------------+----------+-----
Dodging        | 2 |  2.4
Stealth        | 2 |  2.1
Fighting       | |  0.2
Short Blades   | |  0.4
Axes           | |  0.6
Spellcasting   | |  2.1
Conjurations   | |  4.6

Action                   || total
-------------------------++-------
Melee: Unarmed           ||    12
       Club              ||    11
       Tailslap          ||    14
       Short sword       ||    33
       Hand axe          ||    72
 Cast: Magic Dart        ||     6
 Stab: Sleeping          ||     1
  Eat: Pizza             ||     2
       Bread ration      ||     1
Armor: Skin              ||    51
Dodge: Dodged            ||   121
